 Dungeon Crawl Stone Soup version 0.30-a0-778-g2ef04afb54 (webtiles) character file.

Game seed: 4565119500623116407

242429 browni3141 the Slayer (level 19, -13/205 HPs)
             Began as a Hill Orc Gladiator on Feb 16, 2023.
             Was a High Priest of Okawaru.
             Shot with an arrow by a deep elf master archer (20 damage)
             ... in the Arena on Feb 17, 2023.
             The game lasted 02:20:21 (41434 turns).

browni3141 the Slayer (Hill Orc Gladiator)         Turns: 41434, Time: 02:20:22

Health: -13/205    AC: 31    Str: 28    XL:     19   Next: 38%
Magic:  25/32      EV: 13    Int: 12    God:    Okawaru [*****.]
Gold:   4668       SH:  0    Dex: 12    Spells: 18/18 levels left

rFire   + + .      SeeInvis +    a - +7 eveningstar (venom)
rCold   + . .      Faith    .    (no shield)
rNeg    . . .      Spirit   .    h - +0 plate armour
rPois   +          Reflect  .    w - +2 helmet
rElec   .          Harm     .    o - scarf {rC+ rF+}
rCorr   .          Rampage  .    y - +2 pair of gloves "Uniplimp" {rPois}
Will    +....                    i - +2 pair of boots Stlth
                                 U - amulet of regeneration
HPRegen 1.34/turn                T - ring of see invisible
MPRegen 0.23/turn                f - ring of the Hero {rF+ Str+3 Int+4}

@: heroic, invisible, duelling
A: no striking features
}: 2/15 runes: decaying, gossamer
a: Renounce Religion, Heroism, Finesse, Duel


You were in the Arena.
You worshipped Okawaru.
Okawaru was extremely pleased with you.
You visited 7 branches of the dungeon, and saw 32 of its levels.
You also visited: Sewer, Ice Cave and Volcano.

You collected 5401 gold pieces.
You spent 733 gold pieces at shops.

Inventory:

Hand Weapons
 a - a +7 eveningstar of venom (weapon)
 v - a +1 antimagic longbow
Missiles
 d - 5 boomerangs (quivered)
 p - 6 poisoned darts
 q - 6 atropa-tipped darts
 I - a datura-tipped dart
 V - 8 curare-tipped darts
 Z - 5 silver boomerangs
Armour
 h - a +0 plate armour (worn)
 i - a +2 pair of boots (worn)
 o - a scarf of resistance (worn)
 w - a +2 helmet (worn)
 y - the +2 pair of gloves "Uniplimp" (worn) {rPois}
   (You found it on level 4 of the Spider Nest)

   rPois:     It protects you from poison.
Magical Staves
 b - a staff of air
Jewellery
 f - the ring of the Hero (right hand) {rF+ Str+3 Int+4}
   (You bought it in a shop on level 2 of the Orcish Mines)

   [ring of protection from fire]

   Str:       It affects your strength (+3).
   Int:       It affects your intelligence (+4).
   rF:        It protects you from fire.
 m - a +4 ring of protection
 t - a ring of resist corrosion
 H - a ring of protection from cold
 O - a +4 ring of slaying
 S - a ring of willpower
 T - a ring of see invisible (left hand)
 U - an amulet of regeneration (around neck)
Wands
 c - a wand of iceblast (9)
 s - a wand of flame (10)
 A - a wand of quicksilver (2)
 D - a wand of polymorph (4)
 F - a wand of digging (6)
 K - a wand of mindburst (5)
Scrolls
 g - 3 scrolls of teleportation
 j - 2 scrolls of silence
 k - a scroll of blinking
 r - 3 scrolls of poison
 E - 7 scrolls of fog
 G - 2 scrolls of immolation
 L - 3 scrolls of torment
 Q - 5 scrolls of magic mapping
 W - 4 scrolls of vulnerability
Potions
 e - 2 potions of cancellation
 l - 5 potions of attraction
 u - 3 potions of degeneration
 x - 2 potions of lignification
 z - 8 potions of might
 B - 6 potions of haste
 C - 9 potions of curing
 J - 10 potions of flight
 M - 2 potions of resistance
 P - 6 potions of mutation
 X - 6 potions of ambrosia
 Y - 6 potions of magic


   Skills:
 * Level 26.4(27) Fighting
 - Level 3.2(8.2) Maces & Flails
 * Level 17.1(22.1) Throwing
 * Level 16.1(21.1) Armour
 + Level 6.3(11.3) Dodging
 - Level 18.0 Invocations
 * Level 7.6 Evocations


You had 18 spell levels left.
You didn't know any spells.
Your spell library contained the following spells:

 Spells                   Type           Power      Damage    Failure   Level
 Sandblast                Erth           0%         2d4       80%         1
 Sting                    Tmut/Pois      0%         1d3       80%         1
 Lesser Beckoning         Tloc           0%         N/A       91%         2
 Passwall                 Tmut/Erth      0%         N/A       91%         2
 Poisonous Vapours        Pois/Air       0%         N/A       91%         2
 Dazzling Flash           Conj/Hex       0%         N/A       99%         3
 Gell's Gravitas          Tloc           0%         N/A       99%         3
 Hailstorm                Conj/Ice       0%         3d3       99%         3
 Portal Projectile        Hex/Tloc       0%         N/A       99%         3
 Stone Arrow              Conj/Erth      0%         3d7       99%         3
 Teleport Other           Tloc           0%         N/A       99%         3
 Anguish                  Hex/Necr       0%         N/A       100%        4
 Ice Form                 Ice/Tmut       0%         N/A       100%        4
 Olgreb's Toxic Radiance  Pois           0%         N/A       100%        4
 Passage of Golubria      Tloc           0%         N/A       100%        4
 Petrify                  Tmut/Erth      0%         N/A       100%        4
 Agony                    Necr           0%         N/A       100%        5
 Alistair's Intoxication  Tmut/Pois      0%         N/A       100%        5
 Blade Hands              Tmut           0%         N/A       100%        5
 Borgnjor's Vile Clutch   Necr/Erth      0%         N/A       100%        5
 Irradiate                Conj/Tmut      0%         3d11      100%        5
 Iskenderun's Battlesphe  Conj           0%         2d6       100%        5
 Metabolic Englaciation   Hex/Ice        0%         N/A       100%        5
 Silence                  Hex/Air        0%         N/A       100%        5
 Dispersal                Tloc           0%         N/A       100%        6
 Eringya's Noxious Bog    Tmut/Pois      0%         N/A       100%        6
 Statue Form              Tmut/Erth      0%         N/A       100%        6
 Dragon Form              Tmut           0%         N/A       100%        7
 Enfeeble                 Hex            0%         N/A       100%        7
 Borgnjor's Revivificati  Necr           0%         N/A       100%        8
 Lehudib's Crystal Spear  Conj/Erth      0%         10d2      100%        8
 Necromutation            Tmut/Necr      0%         N/A       100%        8
 Death's Door             Necr           0%         N/A       100%        9
 Simulacrum               Ice/Necr       Unusable   N/A       N/A         6

Dungeon Overview and Level Annotations

Branches:
Dungeon (13/15)            Temple (1/1) D:7            Lair (5/5) D:11
  Swamp (4/4) Lair:3       Spider (4/4) Lair:3        Slime (0/5) Lair:5
    Orc (2/2) D:11            Elf (3/3) Orc:2        Vaults (0/5) D:13
  Sewer (visited)           IceCv (visited)         Volcano (visited)

Altars:
Ashenzari
Cheibriados
Dithmenos
Elyvilon
Fedhas
Gozag
Hepliaklqana
Kikubaaqudgha
Makhleb
Nemelex Xobeh
Okawaru
Qazlal
Ru
Sif Muna
Trog
Uskayaw
Vehumet
Wu Jian
Xom
Yredelemnul
Zin
The Shining One

Shops:
D:1 :   Orc:2 (=[*?   Elf:2 =

Portals:
Trove: D:13 (show slimy rune of Zot)

Annotations:
D:4 1 runed translucent door, Crazy Yiuf
Lair:3 exclusion: oklob plant
Lair:4 exclusion: oklob plant
Elf:1 1 runed translucent door, patfeehan111222's ghost, journeyman MiBe
Elf:2 3 runed translucent doors


Message History

The arrow hits you but does no damage.
The deep elf master archer unwields a +0 longbow.
The deep elf master archer hits you.
You barely miss the deep elf master archer.
Your punch misses the deep elf master archer.
The deep elf master archer is moderately wounded.
You puncture the deep elf master archer!
The deep elf master archer looks as sick as possible!
The deep elf master archer is heavily wounded.
The deep elf master archer wields a +0 longbow.
The deep elf master archer shoots an arrow.
The arrow hits you!
* * * LOW HITPOINT WARNING * * *
The deep elf master archer shoots an arrow.
The arrow hits you!
* * * LOW HITPOINT WARNING * * *
You puncture the deep elf master archer!
The deep elf master archer looks as sick as possible!
The deep elf master archer is heavily wounded.
The deep elf master archer unwields a +0 longbow.
The deep elf master archer hits you but does no damage.
You barely miss the deep elf master archer.
The deep elf master archer is heavily wounded.
The deep elf master archer wields a +0 longbow.
The deep elf master archer shoots an arrow.
The arrow hits you!
* * * LOW HITPOINT WARNING * * *
The deep elf master archer shoots an arrow.
The arrow hits you!!
* * * LOW HITPOINT WARNING * * *
Unknown command.
Okay, then.
Unknown command.
Okay, then.
Unknown command.
You fade into invisibility!
The deep elf master archer shoots an arrow.
The arrow hits you!!
You die...
Okawaru crowns the deep elf master archer victorious!

#### ####
##...#p..##
##.p▓▓▓▓▓..##
##.p▓▓...▓▓p.##
#.p▓▓.....▓▓p.#
#.▓▓.......▓▓.#
#▓▓.........▓▓#
#▓.....@.....▓#
#▓▓....e....▓▓#
#.▓▓.......▓▓.#
#.p▓▓.....▓▓p.#
##.p▓▓...▓▓p.##
##.p▓▓▓▓▓p.##
##..▓∩▓..##
#########


You could see a deep elf master archer (unable to see you, extremely poisoned).

Vanquished Creatures
  Nikola (Spider:4)
  A bone dragon (Swamp:4)
  Rupert (Orc:2)
  A deep elf blademaster (Elf:3)
  Asterion (Spider:2)
  A deep elf master archer (Elf:3)
  Kirke (Spider:2)
  2 thorn hunters
  Roxanne (Elf:3)
  5 emperor scorpions
  8 ghost moths
  3 deep elf sorcerers (Elf:3)
  2 orc warlords (Orc:2)
  A deep elf elementalist (Elf:3)
  Nessos (Orc:2)
  A deep elf demonologist (Elf:2)
  2 broodmothers
  4 eleionomae
  6 deep elf annihilators
  5 bunyips
  4 spark wasps
  5 deep elf death magi
  3 shambling mangroves
  Snorg (Orc:1)
  2 fire dragons
  An entropy weaver (Spider:4)
  2 jorogumos
  8 hydras
  4 vault guards (D:13)
  2 boulder beetles
  3 two-headed ogres
  11 alligators
  19 dancing weapons
  5 radroaches
  3 ghost crabs
  A centaur warrior (D:13)
  2 tengu warriors (D:13)
  3 orc high priests (Orc:2)
  8 deep elf knights
  Amaemon (Lair:2)
  Sonja (D:11)
  A pharaoh ant (Spider:2)
  3 skeletal warriors (D:13)
  11 orb spiders
  4 spriggan druids
  A death drake (Swamp:4)
  Lodul (D:11)
  2 goliath frogs
  10 deep elf archers
  4 swamp dragons
  2 spectral hydras (Swamp:4)
  7 bog bodies
  A necromancer (IceCv)
  8 steelbarb worms
  4 lindwurms
  4 orc knights (Orc:2)
  3 phantasmal warriors (Swamp:4)
  21 deep elf pyromancers
  23 deep elf zephyrmancers
  4 will-o-the-wisps
  7 orc sorcerers
  15 wolf spiders
  An ugly thing (D:13)
  4 cyclopes
  2 manticores
  5 moths of wrath
  11 elephants
  8 black mambas
  6 demonic crawlers
  3 slime creatures (D:12)
  A smoke demon (Volcano)
  2 molten gargoyles (Lair:5)
  A torpor snail (Lair:3)
  An ice statue (IceCv)
  2 gargoyles
  An orange demon (Lair:2)
  15 cane toads
  An unseen horror (D:11)
  A rime drake (Lair:5)
  6 komodo dragons
  A kobold demonologist (D:11)
  5 swamp worm zombies (Swamp:4)
  2 freezing wraiths (IceCv)
  14 ice devils (IceCv)
  6 hydra zombies (Swamp:4)
  2 anaconda simulacra (IceCv)
  A polar bear (shapeshifter) (Elf:2)
  A bloated husk (Swamp:3)
  2 polar bears
  3 meliai (Spider:3)
  6 trolls
  10 tyrant leeches
  14 hornets
  3 spectral swamp dragons (Swamp:4)
  28 tarantellas
  15 blink frogs
  4 alligator zombies (Swamp:4)
  15 dream sheep
  2 air elementals
  10 wyverns
  3 dire elephant simulacra (IceCv)
  4 spriggans
  25 jumping spiders
  33 yaks
  11 culicivoras
  5 fire elementals
  A wraith (D:10)
  2 basilisks
  3 vampires
  5 steam dragons
  5 hogs (Spider:2)
  13 vampire mosquitoes
  3 death yak simulacra (IceCv)
  A golden eye (shapeshifter) (D:13)
  38 redbacks
  15 swamp worms
  3 wargs (Orc:2)
  An acid dragon (D:11)
  11 hell hounds
  2 hydra simulacra (IceCv)
  8 water moccasins
  33 orc warriors
  3 swamp drakes
  An ice beast (D:5)
  A black bear (D:4)
  3 boggarts (Lair:5)
  15 ogres
  A swamp dragon zombie (Swamp:4)
  37 wolves
  10 centaurs
  6 phantoms
  5 kobold brigands
  12 bullfrogs
  2 two-headed ogre simulacra (IceCv)
  A gnoll sergeant (D:8)
  3 necrophages
  5 scorpions
  4 cane toad simulacra (IceCv)
  5 wights (D:7)
  6 killer bees (D:9)
  6 elephant simulacra (IceCv)
  An electric eel (D:11)
  8 howler monkeys
  5 lava snakes (Lair:5)
  3 jellies
  2 hounds (D:4)
  23 orc priests
  A gnoll bouda (D:8)
  4 iguanas
  Natasha (twice) (D:2)
  22 orc wizards
  A spectral swamp drake (Swamp:4)
  2 troll simulacra (IceCv)
  3 polar bear simulacra (IceCv)
  4 wolf simulacra (IceCv)
  Robin (D:4)
  12 gnolls
  A naga simulacrum (IceCv)
  2 swamp drake zombies (Swamp:4)
  7 adders
  A river rat (Sewer)
  A shadow imp (D:7)
  2 white imps
  2 ufetubi
  4 worms
  3 dart slugs
  99 orcs
  12 endoplasms
  6 giant cockroaches
  12 goblins
  10 hobgoblins
  31 kobolds
  6 quokkas
  10 ball pythons
  3 bats
  2 frilled lizards
  18 rats
1165 creatures vanquished.

Vanquished Creatures (collateral kills)
  Grinder (D:6)
1 creature vanquished.

Vanquished Creatures (others)
  A ghost moth (Spider:4)
  A spriggan druid (Swamp:4)
  A deep elf pyromancer (Elf:1)
  A deep elf zephyrmancer (Elf:2)
  2 bloated husks (Swamp:4)
  A boggart (Lair:5)
  An orc priest (Orc:1)
  28 foxfires
  23 fungi
  22 plants
  7 toadstools (D:2)
88 creatures vanquished.

Grand Total: 1254 creatures vanquished

Notes
Turn   | Place    | Note
-------+----------+-------------------------------------------
     0 | D:1      | browni3141 the Hill Orc Gladiator began the quest for the
                  | Orb.
     0 | D:1      | Reached XP level 1. HP: 18/18 MP: 1/1
   199 | D:1      | Reached skill level 3 in Fighting
   222 | D:1      | You fall into a shaft and drop 1 floor!
   339 | D:1      | Reached XP level 2. HP: 19/26 MP: 2/2
   406 | D:1      | Found Weteeqaph's Book Shop.
   590 | D:1      | Found a faded altar of an unknown god.
   775 | D:2      | Reached skill level 4 in Fighting
   802 | D:2      | Reached XP level 3. HP: 33/33 MP: 3/3
   858 | D:2      | Noticed Natasha
   864 | D:2      | Killed Natasha
   988 | D:2      | Noticed Natasha
   997 | D:2      | Killed Natasha
   998 | D:2      | Reached skill level 5 in Fighting
   998 | D:2      | Reached XP level 4. HP: 31/42 MP: 4/4
  1552 | D:2      | Reached XP level 5. HP: 40/50 MP: 5/5
  1591 | D:2      | Reached skill level 6 in Fighting
  1935 | D:3      | Found a sparkling altar of Nemelex Xobeh.
  1935 | D:3      | Found a shimmering altar of Xom.
  2018 | D:3      | Found a basalt altar of Yredelemnul.
  2021 | D:3      | Found a shadowy altar of Dithmenos.
  2611 | D:3      | Found a blossoming altar of Fedhas.
  2638 | D:3      | Found an ornate altar of the Wu Jian Council.
  2785 | D:3      | Reached XP level 6. HP: 53/58 MP: 6/6
  2877 | D:4      | Noticed Robin
  3105 | D:3      | Reached skill level 7 in Fighting
  3254 | D:4      | Killed Robin
  3460 | D:4      | Reached skill level 1 in Armour
  3472 | D:4      | Reached XP level 7. HP: 58/66 MP: 7/7
  3997 | D:4      | Found a runed translucent door.
  3998 | D:4      | Noticed Crazy Yiuf
  4366 | D:5      | Entered Level 5 of the Dungeon
  4425 | D:5      | Reached skill level 8 in Fighting
  4611 | D:5      | Reached XP level 8. HP: 65/75 MP: 8/8
  4842 | D:5      | Reached skill level 1 in Evocations
  4865 | D:5      | Found a glowing drain.
  4869 | Sewer    | Entered a sewer
  5099 | Sewer    | Found a white marble altar of Elyvilon.
  5604 | D:6      | Reached skill level 9 in Fighting
  5695 | D:6      | Noticed Grinder
  5702 | D:6      | Killed Grinder
  5703 | D:6      | Reached skill level 5 in Armour
  5867 | D:6      | Reached XP level 9. HP: 45/84 MP: 9/9
  6275 | D:7      | Found a staircase to the Ecumenical Temple.
  6285 | Temple   | Entered the Ecumenical Temple
  6332 | Temple   | Became a worshipper of Warmaster Okawaru
  6880 | D:7      | Reached skill level 5 in Throwing
  6907 | D:7      | Reached skill level 10 in Fighting
  7160 | D:7      | Found a shimmering blue altar of Sif Muna.
  7638 | D:7      | Reached skill level 5 in Evocations
  7938 | D:8      | Reached skill level 1 in Invocations
  8041 | D:8      | Reached * piety under Okawaru
  8246 | D:8      | Reached skill level 11 in Fighting
  8392 | D:8      | Found a stormy altar of Qazlal.
  9091 | D:9      | Got the Octavo of the Amorphous Blink Frog
  9129 | D:9      | Noticed a troll
  9256 | D:9      | Found a burning altar of Makhleb.
  9329 | D:9      | Reached XP level 10. HP: 41/96 MP: 13/13
  9332 | D:9      | Reached skill level 5 in Invocations
  9686 | D:9      | Found a glowing silver altar of Zin.
  9686 | D:9      | Noticed an angel
  9686 | D:9      | Noticed an Executioner
 10359 | D:9      | Reached skill level 12 in Fighting
 10436 | D:10     | Entered Level 10 of the Dungeon
 10445 | D:10     | Noticed a gargoyle
 10508 | D:10     | Noticed a two-headed ogre
 10678 | D:10     | Killed a gargoyle
 10938 | D:10     | Reached ** piety under Okawaru
 11166 | D:10     | Killed a two-headed ogre
 11167 | D:10     | Reached skill level 13 in Fighting
 11443 | D:10     | Reached XP level 11. HP: 92/107 MP: 17/17
 12076 | D:11     | Reached *** piety under Okawaru
 12250 | D:11     | Noticed a cyclops
 12282 | D:11     | Noticed Sonja
 12287 | D:11     | Killed Sonja
 12294 | D:11     | Killed a cyclops
 12295 | D:11     | Reached skill level 10 in Invocations
 12301 | D:11     | Reached skill level 14 in Fighting
 12303 | D:11     | Reached **** piety under Okawaru
 12408 | D:11     | Noticed Lodul
 12415 | D:11     | Killed Lodul
 12415 | D:11     | Received a gift from Okawaru
 12887 | D:11     | Found a staircase to the Orcish Mines.
 13033 | D:11     | Found a staircase to the Lair.
 13371 | Lair:1   | Entered Level 1 of the Lair of Beasts
 13501 | D:11     | Reached ***** piety under Okawaru
 13565 | Lair:1   | Reached XP level 12. HP: 98/118 MP: 20/20
 13582 | Lair:1   | Reached skill level 15 in Fighting
 14472 | Lair:1   | Identified the +0 chain mail of Siopnit {MP+9 Str+3 Int+2}
                  | (Okawaru gifted it to you on level 1 of the Lair of Beasts)
 14472 | Lair:1   | Received a gift from Okawaru
 14672 | Lair:2   | Noticed Amaemon
 14688 | Lair:2   | Killed Amaemon
 14689 | Lair:2   | Reached skill level 16 in Fighting
 15634 | Lair:3   | Reached skill level 10 in Armour
 15767 | Lair:3   | Reached XP level 13. HP: 112/130 MP: 23/23
 16056 | Lair:3   | Found a hole to the Spider Nest.
 16101 | Lair:3   | Identified a scroll of acquirement
 16355 | Lair:3   | Found a staircase to the Swamp.
 16564 | Lair:4   | Found a frozen archway.
 16637 | IceCv    | Entered an ice cave
 16705 | IceCv    | Received a gift from Okawaru
 17144 | IceCv    | Reached skill level 17 in Fighting
 17239 | IceCv    | Found an ancient bone altar of Kikubaaqudgha.
 18160 | Lair:4   | Found a blossoming altar of Fedhas.
 18500 | Lair:5   | Entered Level 5 of the Lair of Beasts
 18760 | Lair:5   | Reached XP level 14. HP: 130/140 MP: 18/24
 18789 | Lair:5   | Reached skill level 5 in Dodging
 18982 | Lair:5   | Found a dark tunnel.
 18991 | Volcano  | Entered a volcano
 19336 | Volcano  | Reached skill level 18 in Fighting
 19649 | Lair:5   | Received a gift from Okawaru
 19726 | Lair:5   | Reached ****** piety under Okawaru
 20156 | Lair:5   | Found a staircase to the Slime Pits.
 20704 | Lair:5   | Found a large runed translucent door.
 20705 | Lair:5   | Found a large runed translucent door.
 21043 | Lair:5   | Received a gift from Okawaru
 21209 | Orc:1    | Entered Level 1 of the Orcish Mines
 21592 | Orc:1    | Noticed Snorg
 21607 | Orc:1    | Killed Snorg
 21607 | Orc:1    | Received a gift from Okawaru
 21851 | Orc:2    | Entered Level 2 of the Orcish Mines
 21853 | Orc:2    | Noticed Nessos
 21878 | Orc:2    | Killed Nessos
 21879 | Orc:2    | Reached skill level 10 in Throwing
 22098 | Orc:2    | Reached skill level 19 in Fighting
 22276 | Orc:2    | Found a staircase to the Elven Halls.
 22280 | Orc:2    | Noticed an orc warlord
 22312 | Orc:2    | Killed an orc warlord
 22312 | Orc:2    | Received a gift from Okawaru
 22413 | Orc:2    | Reached XP level 15. HP: 111/152 MP: 25/25
 22518 | Orc:2    | Noticed Rupert
 22527 | Orc:2    | Received a gift from Okawaru
 22547 | Orc:2    | Killed Rupert
 22561 | Orc:2    | Found Nyica's Magic Scroll Boutique.
 23117 | Orc:2    | Noticed an orc warlord
 23148 | Orc:2    | Killed an orc warlord
 23347 | Orc:2    | Found Mabubrei's Antique Armour Boutique.
 23348 | Orc:2    | Found Ighaun's Antique Weapon Shop.
 23350 | Orc:2    | Found Nacsyf's General Store.
 23350 | Orc:2    | Found Luunialobu's Jewellery Boutique.
 23367 | Orc:2    | Bought the ring of the Hero {rF+ Str+3 Int+4} for 513 gold
                  | pieces
 24442 | Arena    | Entered the Arena
 24575 | D:13     | Received a gift from Okawaru
 24818 | D:13     | Found a gate to the Vaults.
 24839 | D:13     | Reached skill level 20 in Fighting
 25014 | D:13     | Received a gift from Okawaru
 25094 | D:13     | Found a portal to a secret trove of treasure.
 25378 | D:13     | Acquired 1177 gold pieces
 25380 | D:13     | Acquired a manual of Throwing
 25382 | D:13     | Acquired a manual of Fighting
 25568 | Spider:1 | Entered Level 1 of the Spider Nest
 25767 | Lair:3   | Reached skill level 15 in Invocations
 25915 | Spider:1 | Noticed an emperor scorpion
 25923 | Spider:1 | Killed an emperor scorpion
 26188 | Spider:1 | Reached XP level 16. HP: 163/165 MP: 27/27
 26246 | Spider:1 | Identified the +0 cloak of Omin {rF- rC++ Dex+6}
 26803 | Spider:2 | Noticed Asterion
 26810 | Spider:2 | Killed Asterion
 26897 | Spider:2 | Reached skill level 21 in Fighting
 27049 | Spider:2 | Received a gift from Okawaru
 27416 | Spider:2 | Received a gift from Okawaru
 27597 | Spider:2 | Noticed Kirke
 27604 | Spider:2 | Killed Kirke
 28651 | Spider:3 | Received a gift from Okawaru
 29219 | Spider:4 | Entered Level 4 of the Spider Nest
 29241 | Spider:3 | Received a gift from Okawaru
 29242 | Spider:3 | Reached skill level 22 in Fighting
 30172 | Spider:4 | Noticed Nikola
 30193 | Spider:4 | Killed Nikola
 30481 | Swamp:1  | Entered Level 1 of the Swamp
 30710 | Lair:3   | Reached XP level 17. HP: 178/178 MP: 29/29
 30826 | Swamp:1  | Received a gift from Okawaru
 31187 | Swamp:1  | Identified the +9 long sword of Hell's Wrath {freeze, rC+
                  | Dex+3}
 31547 | Swamp:1  | Reached skill level 23 in Fighting
 31801 | Arena    | Entered the Arena
 31825 | Arena    | Entered the Arena
 31864 | Swamp:2  | Reached skill level 15 in Throwing
 32595 | Swamp:2  | Received a gift from Okawaru
 33035 | Swamp:2  | Received a gift from Okawaru
 33620 | Swamp:4  | Entered Level 4 of the Swamp
 33711 | Swamp:4  | Received a gift from Okawaru
 33994 | Swamp:4  | Reached skill level 24 in Fighting
 34339 | Swamp:4  | Received a gift from Okawaru
 34588 | Arena    | Entered the Arena
 34927 | Swamp:4  | Received a gift from Okawaru
 35095 | Swamp:4  | Reached XP level 18. HP: 122/190 MP: 31/31
 35170 | Swamp:4  | Noticed a bone dragon
 35193 | Swamp:4  | Killed a bone dragon
 35194 | Swamp:4  | Reached skill level 15 in Armour
 35255 | Swamp:4  | Got a decaying rune of Zot
 36244 | Spider:4 | Reached skill level 25 in Fighting
 36688 | Spider:4 | Received a gift from Okawaru
 37068 | Spider:4 | Received a gift from Okawaru
 37216 | Spider:4 | Identified the +2 pair of gloves "Uniplimp" {rPois}
 37218 | Spider:4 | Got a gossamer rune of Zot
 37477 | Orc:2    | Bought a ring of resist corrosion for 220 gold pieces
 37544 | Elf:1    | Entered Level 1 of the Elven Halls
 38064 | Elf:1    | Noticed patfeehan111222's ghost (journeyman MiBe)
 38088 | Elf:1    | Found a runed translucent door.
 38610 | Elf:1    | Reached skill level 26 in Fighting
 38756 | Elf:1    | Got the Folio of Assaults
 38975 | Elf:2    | Found Beopruut's Jewellery Shoppe.
 39425 | Elf:2    | Paralysed by an air elemental for 1 turns
 39427 | Elf:2    | Paralysed by an air elemental for 1 turns
 39738 | Elf:3    | Entered Level 3 of the Elven Halls
 39926 | Elf:2    | Found a runed translucent gate.
 39927 | Elf:2    | Found a runed translucent gate.
 39927 | Elf:2    | Found a runed translucent gate.
 40080 | Elf:3    | Reached XP level 19. HP: 193/204 MP: 32/32
 40168 | Elf:3    | Received a gift from Okawaru
 40223 | Elf:3    | Noticed Roxanne
 40236 | Elf:3    | Killed Roxanne
 40927 | Elf:3    | Identified the ring "Zoblun" {Ice rPois rCorr Int-3}
 41261 | Elf:3    | Identified the +4 whip "Tormentor" {venom, rPois rC+ Int+4
                  | Dex+3}
 41426 | Arena    | Entered the Arena
 41433 | Arena    | HP: 6/205 [deep elf master archer/arrow (24)]
 41434 | Arena    | Shot with an arrow by a deep elf master archer

Illustrated notes

Levels and vault maps discovered:
D:1:      matt_arrival_los_fun, layout_rooms,
          shapermc_ecumenical_altar_mp_vishouse, serial_shops,
          nicolae_shop_stone
D:2:      cheibrodos_fertilizer, layout_loops_cross, minivault_11, st_stairs_6,
          minmay_rat_gold_closets, uniq_natasha
D:3:      layout_basic, grunt_temple_overflow_cloverleaf,
          mainiacjoe_overflow_big_doors
D:4:      minmay_diamond_boxcup, layout_layer_cave, hangedman_feature_mirror,
          minmay_checkerbox, uniq_robin, uniq_crazy_yiuf_cottage
D:5:      layout_basic, gup_sewer_entry_spiral
D:6:      layout_rooms, uniq_grinder
D:7:      layout_cave_pods, lemuel_round_altar, minmay_temple_entry_trees
D:8:      layout_loops_cross, nicolae_qazlal_style_of_elements, st_stairs_2
D:9:      layout_irregular_city, grunt_temple_overflow_order_and_chaos_2
D:10:     layout_irregular_city, chequers_arboretum, minmay_rotating_lava
D:11:     layout_basic, lair_entry_dummy, orc_0_dummy, gauntlet_entry_generic,
          special_room [special_room_orc], water_boxes_lemuel, uniq_sonja,
          uniq_lodul
D:12:     layout_long_grid, corexii_hall_statues_i
D:13:     layout_big_octagon, lightli_vaults_fourway_checkpoint,
          nicolae_trove_entry_crystal
Temple:   nicolae_temple_slightly_damp_pantheon
Lair:1:   layout_misc_corridors, nicolae_lair_grove_arrangements,
          grunt_forest_large_clearings
Lair:2:   layout_roguey, serial_bayou_shore_a, serial_bayou_shore_b,
          uniq_amaemon
Lair:3:   layout_hall_layers, swamp_mist, dummy_spider_entry
Lair:4:   layout_cellular_growth, portal_ice_cave_entry_pillars_1,
          hangedman_tree_tricks, lemuel_fruit_tree
Lair:5:   cheibrodos_lair_end_hotspot, layout_regular_city,
          dpeg_slime_entry_enclosed, enter_volcano_2,
          mumra_transporter_accident, kilobyte_rumbling_trees
Swamp:1:  layout_basic_swamp, serial_swamp_ruin, evilmike_swamp_ruin_house_4,
          evilmike_swamp_ruin_rubble_2, evilmike_swamp_ruin_house_2
Swamp:2:  layout_falls_marsh, nicolae_swamp_dense_foliage
Swamp:3:  layout_basic_swamp, evilmike_swamp_ruin_wall,
          infiniplex_staircase_pool
Swamp:4:  swamp_pestilence, layout_basic_swamp
Spider:1: layout_spider_delve
Spider:2: layout_spider_delve, nicolae_spider_webs_and_nodes, uniq_kirke,
          uniq_asterion
Spider:3: layout_spider_delve, hellmonk_test_site
Spider:4: spider_rune_water, uniq_nikola
Orc:1:    layout_caves, uniq_snorg
Orc:2:    st_orc_congregation, layout_diamond_mine, serial_shops,
          nicolae_shop_crystal, uniq_rupert, uniq_nessos
Elf:1:    layout_geoelf_grid, hellmonk_ghost_happy_afterlife,
          minmay_elf_annihilation
Elf:2:    nicolae_elf_blades_crystal_corner, layout_loops_cross, serial_shops,
          nicolae_take_the_stairs
Elf:3:    grunt_elf_hall_diamonds, layout_gridlike, minmay_curled_crystal,
          dk_noncrumbling_2, hangedman_corner_corridor, uniq_roxanne
Arena

Skill      XL: |  1  2  3  4  5  6  7  8  9 10 11 12 13 14 15 16 17 18 19 |
---------------+----------------------------------------------------------+-----
Fighting       | 3 4 5 6 7 8 9 11 13 14 16 17 19 20 22 24 26 | 26.4
Throwing       | 2 3 4 5 6 8 10 12 14 16 17 | 17.1
Armour         | 1 4 5 6 7 9 10 11 12 13 14 15 16 | 16.1
Evocations     | 3 5 6 7 |  7.6
Invocations    | 4 8 11 13 14 15 17 18 | 18.0
Dodging        | 4 5 6 |  6.3
Maces & Flails | |  3.2

Action                     |  1- 3 |  4- 6 |  7- 9 | 10-12 | 13-15 | 16-18 | 19-21 || total
---------------------------+-------+-------+-------+-------+-------+-------+-------++-------
  Melee: Flail             |    61 |   227 |   184 |   306 |  1021 |       |       ||  1799
         Punch             |       |     3 |     9 |    26 |    31 |    27 |     2 ||    98
         Dagger            |       |       |   194 |   520 |    89 |       |       ||   803
         Morningstar       |       |       |    30 |     2 |       |       |       ||    32
         Eveningstar       |       |       |       |       |   336 |  1125 |    97 ||  1558
         Staff             |       |       |       |       |       |     8 |     9 ||    17
   Fire: Shortbow          |       |       |       |       |    33 |       |       ||    33
         Longbow           |       |       |       |       |    20 |    40 |       ||    60
  Throw: Javelin           |     5 |    14 |     8 |    38 |   105 |   153 |    10 ||   333
         Dart              |     5 |    26 |    43 |    65 |    71 |    41 |    16 ||   267
         Throwing net      |       |       |     1 |       |     7 |       |       ||     8
         Boomerang         |       |       |       |    63 |    37 |   138 |    83 ||   321
 Invoke: Heroism           |       |       |     1 |    11 |    22 |    21 |     6 ||    61
         Finesse           |       |       |       |       |     3 |     3 |       ||     6
         Duel              |       |       |       |       |     1 |     3 |     1 ||     5
  Evoke: Wand              |       |       |    19 |    14 |    18 |    12 |     1 ||    64
    Use: Scroll            |       |     1 |     5 |    11 |    14 |    26 |     1 ||    58
         Potion            |       |       |       |     7 |    12 |    22 |     3 ||    44
   Stab: Sleeping          |       |     3 |       |       |       |       |       ||     3
         Held in net/web   |       |       |       |       |     2 |       |       ||     2
         Confused          |       |       |       |       |       |     1 |       ||     1
 Armour: Leather armour    |    30 |    68 |       |       |       |       |       ||    98
         Chain mail        |       |    19 |   317 |       |       |       |       ||   336
         Plate armour      |       |       |    43 |   819 |  1821 |  1014 |   154 ||  3851
         Swamp dragon scal |       |       |       |       |       |   719 |       ||   719
  Dodge: Dodged            |    56 |   144 |   227 |   400 |  1102 |  1111 |    91 ||  3131

Table legend: (Time is in decaauts)
 A = Elapsed time spent in this place.
 B = Non-inter-level travel time spent in this place.
 C = Inter-level travel time spent in this place.
 D = Time resting spent in this place.
 E = Time spent auto-exploring this place.
 F = Levels seen in this place.
 G = Mean time per level.
                   A        B        C        D        E       F      G
               +--------+--------+--------+--------+--------+-----+--------+
         Total |  42432 |  40186 |   2246 |   7558 |  20769 |  40 | 1060.8 |
       Dungeon |  15587 |  14653 |    934 |   1912 |   9139 |  13 | 1199.0 |
        Temple |    185 |    167 |     18 |      0 |    147 |   1 |  185.0 |
          Lair |   7109 |   6561 |    548 |    942 |   3190 |   5 | 1421.8 |
         Swamp |   4982 |   4837 |    145 |   1186 |   2265 |   4 | 1245.5 |
   Spider Nest |   6427 |   6110 |    317 |   1566 |   3084 |   4 | 1606.8 |
  Orcish Mines |   2263 |   2031 |    232 |    280 |    943 |   2 | 1131.5 |
   Elven Halls |   3869 |   3820 |     49 |   1273 |   1464 |   3 | 1289.7 |
         Sewer |    301 |    301 |      0 |    104 |    126 |   1 |  301.0 |
      Ice Cave |   1153 |   1153 |      0 |    224 |    275 |   1 | 1153.0 |
       Volcano |    452 |    452 |      0 |     21 |    134 |   1 |  452.0 |
         Arena |     99 |     99 |      0 |     46 |      0 |   5 |   19.8 |
               +--------+--------+--------+--------+--------+-----+--------+

Top non-repeatable levels by time:
Spider:4: 2605 daAuts
  Lair:5: 1998 daAuts
    D:11: 1989 daAuts
   Elf:1: 1788 daAuts
 Swamp:4: 1781 daAuts
  Lair:3: 1721 daAuts
Spider:2: 1686 daAuts
   Orc:2: 1652 daAuts
     D:7: 1447 daAuts
     D:9: 1436 daAuts
    D:10: 1414 daAuts
   Elf:3: 1411 daAuts
     D:3: 1367 daAuts
Spider:3: 1306 daAuts
     D:4: 1279 daAuts
